 Dungeon Crawl Stone Soup version 0.30.0-5-g1a98f26d00 (webtiles) character file.

Game seed: 10998769050821554627

10 zlionsfan the Slasher (level 2, 0/33 HPs)
             Began as a Merfolk Reaver on May 8, 2023.
             Succumbed to a goblin's poison
             ... on level 1 of the Dungeon.
             The game lasted 00:01:18 (243 turns).

zlionsfan the Slasher (Merfolk Reaver)               Turns: 243, Time: 00:01:19

Health: 0/33       AC:  3    Str: 12    XL:     2   Next: 20%
Magic:  5/5        EV: 12    Int: 12    God:
Gold:   0          SH:  0    Dex: 12    Spells: 4/5 levels left

rFire   . . .        a - +0 falchion
rCold   . . .        (no shield)
rNeg    . . .        b - +0 leather armour
rPois   .            (no helmet)
rElec   .            (no cloak)
rCorr   .            (no gloves)
SInv    .            (no boots)
Will    .....        (no amulet) Stlth
                     (no ring)
HPRegen 0.25/turn    (no ring)
MPRegen 0.09/turn

%: no passive effects
@: berserking (expiring), lethally poisoned (0 -> -4), very quick
A: (nimble swimmer 2), mertail
a: no special abilities


You were on level 1 of the Dungeon.
You visited 1 branch of the dungeon, and saw 1 of its levels.

Inventory:

Hand Weapons
 a - a +0 falchion (weapon)
Missiles
 d - a throwing net
Armour
 b - a +0 leather armour (worn)


   Skills:
 * Level 2.2 Fighting
 * Level 4.1 Long Blades
 + Level 0.2 Armour
 + Level 2.7 Dodging
 * Level 2.0 Spellcasting
 + Level 2.5 Conjurations


You had 4 spell levels left.
You knew the following spells:

 Your Spells              Type           Power      Damage    Failure   Level
a - Kiss of Death         Conj/Necr      16%        2d6       21%         1

Your spell library contained the following spells:

 Spells                   Type           Power      Damage    Failure   Level
 Momentum Strike          Conj/Tloc      8%         3d8       30%         2
 Cigotuvi's Dreadful Rot  Necr/Pois/Air  2%         N/A       45%         2
 Hailstorm                Conj/Ice       4%         3d4       52%         3
 Ignite Poison            Fire/Tmut/Pois 1%         N/A       71%         3
 Freezing Cloud           Conj/Ice/Air   1%         6-21      100%        5


Dungeon Overview and Level Annotations

Branches:
Dungeon (1/15)

Altars:


Innate Abilities, Weirdness & Mutations

((You are very nimble when in or above water. (Stealth+, EV+, Speed+++)))
Your lower body shifts to a powerful aquatic tail in water.


Message History

The hobgoblin closely misses you. The goblin attacks as you move away!
The goblin hits you with a +1 dagger of venom.
You are poisoned.
You feel very sick.
You feel sick.
You hit the goblin but do no damage.
You feel sick. The goblin closely misses you.
You closely miss the goblin.
You feel sick.
The goblin hits you with a +1 dagger of venom.
You are lethally poisoned!
You hit the goblin.
You kill the goblin!
* * * LOW HITPOINT WARNING * * *
You feel very sick.
It was a potion of berserk rage.
A red film seems to cover your vision as you go berserk!
You feel yourself moving faster!
You feel mighty!
* * * LOW HITPOINT WARNING * * *
You feel very sick.
The frilled lizard bites you but does no damage.
You closely miss the frilled lizard.
* * * LOW HITPOINT WARNING * * *
You feel sick. The frilled lizard barely misses you.
You closely miss the frilled lizard.
* * * LOW HITPOINT WARNING * * *
You feel sick.
The frilled lizard bites you but does no damage.
You slash the frilled lizard!
You kill the frilled lizard!
* * * LOW HITPOINT WARNING * * *
You feel sick.
* * * LOW HITPOINT WARNING * * *
You feel sick. The rat barely misses you. The hobgoblin closely misses you.
Things that are here:
a +1 dagger of venom; a goblin corpse You closely miss the hobgoblin.
* * * LOW HITPOINT WARNING * * *
You feel sick. The rat barely misses you. The hobgoblin barely misses you.
You closely miss the rat.
You die...

.....#>..#.#?#
#...#.#.#.#.#
#..........
.##..#.#.#.#.#.#.
.#..............
#.!#.#.#.#.#.#.
#..##.##...#
#....gr..###
#####@#### ####
#.# .... #.# ....
#.# ##### #.#
##...## ######
#.# ##.....##
......
#.####.......#
.......
#............#
♣♣##...
#########.......#


You could see a hobgoblin and a rat.

Vanquished Creatures
  A giant cockroach (D:1)
  3 goblins (D:1)
  2 jackals (D:1)
  A frilled lizard (D:1)
  A kobold (D:1)
  A rat (D:1)
9 creatures vanquished.

Notes
Turn   | Place    | Note
-------+----------+-------------------------------------------
     0 | D:1      | zlionsfan the Merfolk Reaver began the quest for the Orb.
     0 | D:1      | Reached XP level 1. HP: 16/16 MP: 3/3
    97 | D:1      | Reached skill level 4 in Long Blades
    99 | D:1      | Reached XP level 2. HP: 15/22 MP: 5/5
   242 | D:1      | HP: 1/33 [poisoned by a goblin]
   243 | D:1      | Succumbed to a goblin's poison

Illustrated notes

Levels and vault maps discovered:
D:1:      scummos_arrival_forest, layout_loops_ring, serial_aquarium,
          aquarium_bridge_long_separate [aquarium_subvault_balcony,
          aquarium_subvault_balcony, aquarium_subvault_bridge,
          aquarium_subvault_bridge, aquarium_subvault_wall,
          aquarium_subvault_balcony], aquarium_window_corner,
          aquarium_window_corridor_3, aquarium_window_fake,
          aquarium_window_double, aquarium_view_2f, st_stairs_13

Skill      XL: |  1 |
---------------+----+-----
Long Blades    | 4 |  4.1
Fighting       | |  2.2
Armour         | |  0.2
Dodging        | |  2.7
Spellcasting   | |  2.0
Conjurations   | |  2.5

Action                     || total
---------------------------++-------
  Melee: Falchion          ||    30
    Use: Potion            ||     1
 Armour: Leather armour    ||     4
  Dodge: Dodged            ||    25
